AoeStats
← 牛油果

Arabia

503592579Analyzed
1v1 RM · 1mo ago on Sep 1, 2026· 43m 41s· 2 players
Game mode
Random Map
Map size
Tiny (2 player)
Population
200
Speed
Normal
Resources
Standard
Victory
Conquest
Starting age
Dark Age
Ending age
Imperial Age
RankedLock teamsTeams togetherTeam positionsShared explorationLock speedFull tech treeHidden civsTurbo modeCheats
Victory
Defeat
🇭🇰 Tatars · Hong Kong SAR China
1820
+15
🇩🇪 Tatars · Germany
1790
-15
Sir_Ragealot
6:10 Loom
8:57 Feudal Age
9:30 Double-Bit Axe
11:06 Horse Collar
18:45 Castle Age
17:21 Stone Mining
17:42 Gold Mining
19:53 Bow Saw
22:01 Scale Barding Armor
27:17 Town Watch
29:37 Wheelbarrow
29:46 Chain Barding Armor
35:04 Imperial Age
35:28 Husbandry
35:38 Bloodlines
36:27 Plate Barding Armor
37:23 Hand Cart
36:54 Elite Keshik
39:24 Forging
42:17 Masonry
43:48 Iron Casting
牛油果
7:11 Loom
7:31 Loom
9:44 Feudal Age
10:11 Double-Bit Axe
12:24 Horse Collar
15:56 Wheelbarrow
19:32 Castle Age
17:57 Gold Mining
18:29 Fletching
20:29 Bow Saw
20:14 Bodkin Arrow
22:35 Town Watch
29:41 Ballistics
30:40 Hand Cart
35:33 Imperial Age
34:52 Bloodlines
34:42 Husbandry
37:20 Chemistry
36:21 Bracer
36:53 Silk Armor
37:11 Padded Archer Armor
37:55 Conscription
38:21 Heavy Cavalry Archer
40:07 Leather Archer Armor
41:03 Conscription
41:42 Heavy Plow
42:18 Gold Shaft Mining
41:33 Stone Mining
42:14 Ring Archer Armor
43:27 Silk Armor
Connection lost

Rejoining the realm…

Still unreachable

The connection could not be restored.

Session expired

The server has moved on; the page needs a fresh start.